 Dungeon Crawl Stone Soup version 0.22-a0-351-g29664b4 (webtiles) character file.

201725 grindst0ne the Martial Artist (level 18, -6/141 HPs)
             Began as a Gnoll Transmuter on Apr 12, 2018.
             Was the Champion of Ru.
             Mangled by an emperor scorpion (9 damage)
             ... summoned by the power of Zot
             ... on level 2 of the Spider Nest.
             The game lasted 02:43:15 (45349 turns).

grindst0ne the Martial Artist (Gnoll Transmuter)   Turns: 45349, Time: 02:43:15

Health: -6/141     AC: 17    Str: 21 (24) XL:     18   Next: 55%
Magic:  2/34       EV: 21    Int: 19 (21) God:    Ru [******]
Gold:   2044       SH:  0    Dex: 19 (22) Spells: 4/42 levels left

rFire    . . .     SeeInvis +   B - +2 great mace of Qiwuib {speed, rElec rPois rC+}
rCold    + . .     Gourm    .   (shield currently unavailable)
rNeg     + . .     Faith    .   P - +0 swamp dragon scales
rPois    +         Spirit   .   f - +0 helmet {Int+3}
rElec    +         Reflect  .   (no cloak)
rCorr    +         Harm     .   r - +0 pair of gloves {Dex+3}
MR       .....                  V - +2 pair of boots
Stlth    ++++......             E - amulet of Spite {rN+ Regen+ Str+2}
HPRegen  0.73/turn              M - ring of resist corrosion
MPRegen  0.24/turn              t - ring of Xeukonk {rF+ rC+ Str+9 Int-2 SInv}

@: lethally poisoned (-6 -> -29), berserk cooldown, slowed, drained, very slow
A: distributed training, fangs 1, sense surroundings 1, no conjurations magic,
no hexes magic, no ice magic, magic vulnerability 1, inexperienced 1,
temperature sensitive, strong nose
}: 1/15 runes: decaying
a: Draw Out Power, Power Leap, Apocalypse, Renounce Religion


You were on level 2 of the Spider Nest.
You worshipped Ru.
Ru was exalted by your worship.
You were not hungry.

You visited 6 branches of the dungeon, and saw 30 of its levels.
You also visited: Labyrinth and Ice Cave.

You collected 3093 gold pieces.
You spent 1049 gold pieces at shops.

Inventory:

Hand Weapons
 B - the +2 great mace of Qiwuib (weapon) {speed, rElec rPois rC+}
   (You found it on level 3 of the Swamp)

   Attacks with this weapon are significantly faster.
   It protects you from cold.
   It insulates you from electricity.
   It protects you from poison.
Missiles
 a - 302 arrows
Armour
 f - a +0 helmet of intelligence (worn)
 r - a +0 pair of gloves of dexterity (worn)
 x - a +0 shield
 y - a +2 large shield
 K - a +2 robe of magic resistance
 P - +0 swamp dragon scales (worn)
 V - a +2 pair of boots (worn)
Jewellery
 s - the ring of Checkmate {rF++ rC+ Int+3 Dex-4}
   (You bought it in a shop on level 2 of the Orcish Mines)

   [ring of intelligence]

   It affects your intelligence (+3).
   It affects your dexterity (-4).
   It greatly protects you from fire.
   It protects you from cold.
 t - the ring of Xeukonk (right hand) {rF+ rC+ Str+9 Int-2 SInv}
   (You found it in a labyrinth)

   [ring of protection from cold]

   It affects your strength (+9).
   It affects your intelligence (-2).
   It protects you from fire.
   It protects you from cold.
   It lets you see invisible.
 E - the amulet of Spite (around neck) {rN+ Regen+ Str+2}
   (You acquired it on level 3 of the Swamp)

   [amulet of regeneration]

   It affects your strength (+2).
   It protects you from negative energy.
   It increases your rate of regeneration.
 M - a ring of resist corrosion (left hand)
 O - the ring "Duerirgh" {rElec rPois Str-3 Dex+2 SInv}
   (You bought it in a shop on level 2 of the Orcish Mines)

   [ring of dexterity]

   It affects your strength (-3).
   It affects your dexterity (+2).
   It insulates you from electricity.
   It protects you from poison.
   It lets you see invisible.
 Q - an uncursed ring of protection from magic
Wands
 v - a wand of disintegration (12)
 C - a wand of flame (69)
 N - a wand of paralysis (22)
 R - a wand of enslavement (28)
 X - a wand of iceblast (5)
 Y - a wand of scattershot (3)
Scrolls
 c - 15 scrolls of teleportation
 e - 8 scrolls of amnesia
 k - 17 scrolls of fog
 m - 5 scrolls of magic mapping
 n - 27 scrolls of remove curse
 o - 4 scrolls of blinking
 p - 4 scrolls of fear
 u - 6 scrolls of enchant weapon
 F - a scroll of holy word
 T - a scroll of enchant armour
Potions
 h - 12 potions of curing
 i - 3 potions of heal wounds
 j - 8 potions of resistance
 l - 6 potions of might
 q - 7 potions of flight
 w - 6 potions of mutation
 z - a potion of magic
 A - 5 potions of haste
 D - 2 potions of cancellation
 H - 5 potions of agility
 S - 2 potions of invisibility
 U - 2 potions of brilliance
 W - 5 potions of ambrosia
Miscellaneous
 g - a sack of spiders
 G - a phantom mirror
 I - a phial of floods
 J - a lightning rod (4/4)
 Z - a lamp of fire
Comestibles
 d - 28 rations


   Skills:
 + Level 12.3(11.7) Fighting
 + Level 12.1(11.5) Short Blades
 + Level 12.1(11.5) Long Blades
 + Level 12.1(11.5) Axes
 + Level 12.1(11.5) Maces & Flails
 + Level 12.1(11.5) Polearms
 + Level 12.1(11.5) Staves
 + Level 12.1(11.5) Slings
 + Level 12.1(11.5) Bows
 + Level 12.1(11.5) Crossbows
 + Level 12.1(11.5) Throwing
 + Level 12.1(11.5) Armour
 + Level 12.8(12.2) Dodging
 + Level 12.1(11.5) Stealth
 + Level 12.1(11.5) Shields
 + Level 13.4(12.8) Unarmed Combat
 + Level 12.9(12.3) Spellcasting
   Level 0.0 Conjurations
   Level 0.0 Hexes
 + Level 10.3(9.7) Charms
 + Level 10.3(9.7) Summonings
 + Level 10.3(9.7) Necromancy
 + Level 10.3(9.7) Translocations
 + Level 11.0(10.4) Transmutations
 + Level 10.3(9.7) Fire Magic
   Level 0.0 Ice Magic
 + Level 10.3(9.7) Air Magic
 + Level 10.3(9.7) Earth Magic
 + Level 10.3(9.7) Poison Magic
 + Level 13.0(12.4) Invocations
 + Level 12.1(11.5) Evocations


You had 4 spell levels left.
You knew the following spells:

 Your Spells              Type           Power        Failure   Level  Hunger
a - Summon Lightning Spi  Summ/Air       #####...     1%          4    #......
b - Sticks to Snakes      Tmut           ######..     1%          2    None
c - Spider Form           Tmut/Pois      ######....   1%          3    None
d - Blink                 Tloc           N/A          1%          2    None
e - Blade Hands           Tmut           ######....   3%          5    ####...
f - Death Channel         Necr           #####.....   22%         6    ######.
g - Statue Form           Tmut/Erth      ######...    21%         6    ######.
h - Aura of Abjuration    Summ           #####.....   4%          5    ####...
i - Lee's Rapid Deconstr  Erth           #####.....   4%          5    ####...


Dungeon Overview and Level Annotations

Branches:
Dungeon (15/15)            Temple (1/1) D:4            Lair (6/6) D:10
  Swamp (4/4) Lair:2       Spider (2/4) Lair:3        Slime (0/5) Lair:6
    Orc (2/2) D:9             Elf (0/3) Orc:2        Vaults (0/5) D:14
 Depths (0/5) D:15

Altars:
Ashenzari
Cheibriados
Dithmenos
Elyvilon
Fedhas
Gozag
Hepliaklqana
Kikubaaqudgha
Makhleb
Nemelex Xobeh
Okawaru
Qazlal
Ru
Sif Muna
Trog
Uskayaw
Vehumet
Wu Jian
Xom
Yredelemnul
Zin
The Shining One
Beogh

Shops:
D:5 (   D:7 *   Orc:1 }   Orc:2 }:=:

Annotations:
Lair:5 exclusion: downstairs
Swamp:3 1 runed door, exclusion: downstairs
Swamp:4 Lernaean hydra
Spider:2 1 transporter


Innate Abilities, Weirdness & Mutations

Your experience applies equally to all skills.
You have very sharp teeth.
You cannot study or cast Conjurations magic.
You cannot study or cast Hexes magic.
You cannot study or cast Ice magic.
You are slightly vulnerable to magic. (MR-)
You are somewhat inexperienced. (-2 XL)
You are sensitive to extremes of temperature. (rF-, rC-)
Your uncanny sense of smell can sniff out nearby items.
You passively map a small area around you.


Message History

You feel sick. The tarantella barely misses you. The redback misses you.
The jumping spider misses you.
The jumping spider completely misses you.
You hear a loud "Zot"!
You flatten the redback like a pancake!!!
You kill the redback!
The redback's corpse dissolves into shadows!
You are no longer berserk.
You are exhausted.
You feel yourself slow down.
You feel less exhausted.
* * * LOW HITPOINT WARNING * * *
You feel sick. The tarantella barely misses you. The wolf spider hits you.
* * * LOW HITPOINT WARNING * * *
The wolf spider bites you but does no damage.
The jumping spider pounces on you but does no damage.
The jumping spider misses you. The emperor scorpion stings you!
* * * LOW HITPOINT WARNING * * *
The emperor scorpion claws you!
You die...

.......# , , ##..... .#.#..##
#... ., #...... .#...## # #a .#^
,# #...... ^.....# ##. ^..^^, .##
#...#.. [.#.### #^.#*.#^# *#.^#
###..... ..#### #... .^^,^..#
#.#..... ..#..### #^.##.##.^#
#^..>..# .......# #^.sss.s#*
##..#.#.. .......### #..s@s^^#
#........ .....†...# #..s©§^.#
####....>.. #....#...## #########
#.)........ #....#....# #####
#..#.......
###^.###..#############..#..####.
#.###.|.......©................
####......#^..........##.##...
######.........................
#...##.....#.......#....(..^...


You could see an emperor scorpion, 2 wolf spiders, an orb spider, a jumping
spider, a tarantella and a redback.

Vanquished Creatures
  Nikola (Spider:2)
  Arachne (Spider:2)
  Jorgrun (Swamp:3)
  An acid blob (Lair:6)
  Frances (D:13)
  3 thorn hunters
  A tengu reaver (D:15)
  A sphinx (D:15)
  Roxanne (D:14)
  A fire giant (D:15)
  Louise (Spider:2)
  3 ghost moths (Spider:2)
  2 azure jellies (Lair:6)
  An emperor scorpion (Spider:2)
  Aizul (Swamp:1)
  Nessos (D:14)
  An entropy weaver (Spider:2)
  Azrael (D:15)
  A minotaur (Lab)
  A spark wasp (shapeshifter) (D:15)
  3 death oozes (Lair:6)
  Josephine (D:15)
  The ghost of Galewind the Thaumaturge, a journeyman DECj of Vehumet (Lair:3)
  A yaktaur captain (D:15)
  8 ghost crabs
  22 hydras
  3 centaur warriors
  3 catoblepae
  10 death yaks
  The ghost of Amnesiac the Nimble, a journeyman SpWz of Sif Muna (D:11)
  A tengu warrior (D:14)
  13 alligators
  7 two-headed ogres
  4 orc high priests
  Sonja (D:13)
  A skeletal warrior (D:15)
  3 wizards
  2 flayed ghosts (D:15)
  3 spriggan druids
  A deep troll (shapeshifter) (D:15)
  13 swamp dragons
  A deep troll (D:15)
  An unseen horror (D:15)
  A phantasmal warrior (D:14)
  3 wolf spider zombies
  2 deep elf magi (D:15)
  9 orc knights
  A necromancer (D:13)
  11 ugly things
  5 manticores
  3 orc sorcerers (Orc:2)
  5 orb spiders (Spider:1)
  7 cyclopes
  4 oklob plants (Lair:4)
  10 wolf spiders
  10 elephants
  2 moths of wrath (Spider:2)
  3 ice statues (IceCv)
  3 apocalypse crabs (Swamp:3)
  A guardian serpent (shapeshifter) (D:15)
  A gargoyle (D:11)
  3 black mambas (Lair:6)
  2 torpor snails (Spider:2)
  4 komodo dragons
  24 spiny frogs
  An efreet (D:15)
  A yaktaur (D:15)
  3 rime drakes
  8 demonic crawlers
  6 tyrant leeches
  5 trolls
  8 jumping spiders
  A wolf spider simulacrum (D:13)
  8 hornets
  A queen bee (D:8)
  10 blink frogs
  3 polar bears
  7 bog bodies
  6 dream sheep (Lair:5)
  19 slime creatures
  14 hippogriffs
  5 spriggans
  A centaur simulacrum (D:15)
  29 redbacks
  A vampire (D:15)
  4 shadows
  11 tarantellas
  8 wraiths
  51 yaks
  16 humans (D:14)
  Grum (D:8)
  5 wyverns
  2 basilisks
  2 hungry ghosts
  A steam dragon (Lair:3)
  The ghost of anet the Magician, an amateur GnWz (D:3)
  26 vampire mosquitoes
  2 soldier ants (D:15)
  18 swamp worms
  6 insubstantial wisps
  2 wargs
  An acid dragon (D:15)
  5 water moccasins
  10 porcupines
  16 ice beasts
  7 hell hounds (D:15)
  5 black bears
  A hornet zombie (D:13)
  4 phantoms
  A boggart (D:15)
  8 sky beasts
  9 swamp drakes
  7 ogres
  27 orc warriors
  12 wolves
  2 necrophages
  15 centaurs
  17 crocodiles
  2 big kobolds
  Blork the orc (D:5)
  A gnoll sergeant (D:7)
  16 bullfrogs
  5 scorpions
  20 killer bees
  2 howler monkeys
  2 wights (D:15)
  4 electric eels
  A bullfrog zombie (D:10)
  3 centaur zombies
  10 crimson imps
  7 hounds
  3 quasits
  18 jellies
  6 centaur skeletons
  18 orc priests
  A wyvern simulacrum (D:13)
  25 orc wizards
  3 bullfrog skeletons
  4 iguanas
  Natasha (twice) (D:2)
  13 hell rats
  5 worker ants
  17 gnolls
  A howler monkey skeleton (D:3)
  10 adders
  6 shadow imps
  9 oozes
  2 adder skeletons
  An adder zombie (D:6)
  3 worms
  3 dart slugs
  7 leopard geckos
  81 orcs
  5 bats
  4 giant cockroaches
  6 goblins
  17 hobgoblins
  18 jackals
  12 quokkas
  3 ball pythons
  A frilled lizard (D:4)
  19 kobolds
  A leopard gecko zombie (D:5)
  4 rats
  5 briar patches
  5 fungi
  12 plants
1107 creatures vanquished.

Vanquished Creatures (collateral kills)
  the Lernaean hydra (Swamp:4)
  3 hydras
  2 wolf spiders
  6 orb spiders
  A cyclops (D:15)
  A spiny frog (Swamp:3)
  A jumping spider (Spider:2)
  A slime creature (Swamp:2)
  A redback (Spider:2)
  A tarantella (Spider:1)
  A swamp drake (Swamp:4)
  A killer bee (D:9)
  4 orcs
  A briar patch (Swamp:3)
25 creatures vanquished.

Vanquished Creatures (others)
  A death ooze (Lair:6)
  5 hydras
  A deep troll shaman (Lair:6)
  A swamp dragon (Swamp:1)
  A gargoyle (D:11)
  A slime creature (Swamp:4)
  A blink frog (Lair:5)
  A tarantella (Spider:1)
  A water moccasin (Lair:6)
  A swamp drake (Swamp:4)
  An ice beast (Lair:6)
  A centaur (D:13)
  A bullfrog (D:15)
  A crocodile (D:10)
  An orc priest (Orc:2)
  A shadow imp (D:15)
  3 orcs
  3 bushes
  21 fungi
  14 plants
61 creatures vanquished.

Grand Total: 1193 creatures vanquished

Notes
Turn   | Place    | Note
-------+----------+-------------------------------------------
     0 | D:1      | grindst0ne the Gnoll Transmuter began the quest for the Orb.
     0 | D:1      | Reached XP level 1. HP: 17/17 MP: 6/6
   105 | D:1      | Reached XP level 2. HP: 6/23 MP: 7/7
   549 | D:1      | Reached skill level 5 in Spellcasting
   549 | D:1      | Reached XP level 3. HP: 28/28 MP: 6/9
   765 | D:1      | Learned a level 2 spell: Sticks to Snakes
   769 | D:1      | Learned a level 3 spell: Spider Form
   963 | D:2      | Reached skill level 1 in Invocations
  1112 | D:2      | Noticed Natasha
  1123 | D:2      | Killed Natasha
  1123 | D:2      | Reached skill level 1 in Short Blades
  1123 | D:2      | Reached skill level 1 in Long Blades
  1123 | D:2      | Reached skill level 1 in Axes
  1123 | D:2      | Reached skill level 1 in Maces & Flails
  1123 | D:2      | Reached skill level 1 in Polearms
  1123 | D:2      | Reached skill level 1 in Staves
  1123 | D:2      | Reached skill level 1 in Slings
  1123 | D:2      | Reached skill level 1 in Bows
  1123 | D:2      | Reached skill level 1 in Crossbows
  1123 | D:2      | Reached skill level 1 in Throwing
  1123 | D:2      | Reached skill level 1 in Armour
  1123 | D:2      | Reached skill level 1 in Stealth
  1123 | D:2      | Reached skill level 1 in Shields
  1123 | D:2      | Reached skill level 1 in Evocations
  1123 | D:2      | Reached XP level 4. HP: 7/34 MP: 9/11
  1627 | D:2      | Reached skill level 1 in Conjurations
  1627 | D:2      | Reached skill level 1 in Hexes
  1627 | D:2      | Reached skill level 1 in Charms
  1627 | D:2      | Reached skill level 1 in Summonings
  1627 | D:2      | Reached skill level 1 in Necromancy
  1627 | D:2      | Reached skill level 1 in Translocations
  1627 | D:2      | Reached skill level 1 in Fire Magic
  1627 | D:2      | Reached skill level 1 in Ice Magic
  1627 | D:2      | Reached skill level 1 in Air Magic
  1627 | D:2      | Reached skill level 1 in Earth Magic
  1627 | D:2      | Reached skill level 1 in Poison Magic
  1703 | D:2      | Reached XP level 5. HP: 11/40 MP: 9/12
  2074 | D:2      | Noticed Natasha
  2081 | D:2      | Killed Natasha
  2381 | D:3      | Noticed anet's ghost (amateur GnWz)
  2405 | D:3      | Killed anet's ghost
  2405 | D:3      | Reached XP level 6. HP: 47/47 MP: 5/14
  2547 | D:3      | Reached skill level 5 in Dodging
  2818 | D:3      | Found a stormy altar of Qazlal.
  2818 | D:3      | Found an opulent altar of Gozag.
  2964 | D:4      | Reached XP level 7. HP: 52/52 MP: 12/15
  3156 | D:4      | Found a staircase to the Ecumenical Temple.
  3165 | Temple   | Entered the Ecumenical Temple
  3231 | Temple   | Became a worshipper of Ru the Awakened
  3614 | D:4      | You fall through a shaft!
  3614 | D:5      | Entered Level 5 of the Dungeon
  3614 | D:5      | Noticed Blork the orc
  3633 | D:5      | Killed Blork the orc
  3849 | D:5      | Reached XP level 8. HP: 39/60 MP: 12/16
  4321 | D:5      | Found an iron altar of Okawaru.
  4328 | D:5      | Learned a level 2 spell: Blink
  4334 | D:5      | Learned a level 5 spell: Blade Hands
  4338 | D:5      | Learned a level 3 spell: Mephitic Cloud
  4370 | D:5      | Found Onanud's Antique Weapon Emporium.
  4442 | D:5      | Gained mutation: You are slightly vulnerable to magic. (MR-) [Ru sacrifice]
  4442 | D:5      | Reached * piety under Ru
  4474 | D:5      | Found a stormy altar of Qazlal.
  4476 | D:5      | Found an ancient bone altar of Kikubaaqudgha.
  4476 | D:5      | Found a shimmering altar of Xom.
  4478 | D:5      | Found a shattered altar of Ashenzari.
  4478 | D:5      | Found a radiant altar of Vehumet.
  4478 | D:5      | Found a sparkling altar of Nemelex Xobeh.
  4752 | D:6      | Found a shattered altar of Ashenzari.
  4752 | D:6      | Found a shimmering altar of Xom.
  5295 | D:7      | Found Ziothal's General Store.
  5323 | D:7      | Bought a scroll of identify for 22 gold pieces
  5323 | D:7      | Bought 2 potions of heal wounds for 110 gold pieces
  5323 | D:7      | Bought a potion of agility for 44 gold pieces
  5347 | D:7      | Noticed a wyvern
  5358 | D:7      | Killed a wyvern
  5388 | D:7      | Reached XP level 9. HP: 58/66 MP: 12/18
  5422 | D:7      | Reached skill level 5 in Transmutations
  6588 | D:7      | Found a blossoming altar of Fedhas.
  6588 | D:7      | Found a glowing golden altar of the Shining One.
  6654 | D:8      | Noticed a queen bee
  6680 | D:8      | Upgraded the game from 0.22-a0-348-gd16d139 to 0.22-a0-351-g29664b4
  6685 | D:8      | Noticed a two-headed ogre
  6715 | D:8      | Killed a two-headed ogre
  6715 | D:8      | Reached skill level 5 in Fighting
  6735 | D:8      | Reached skill level 5 in Invocations
  7030 | D:8      | Noticed Grum
  7044 | D:8      | Reached XP level 10. HP: 22/74 MP: 15/20
  7047 | D:8      | Killed Grum
  7097 | D:8      | Gained mutation: You are somewhat inexperienced. (-2 XL) [Ru sacrifice]
  7097 | D:8      | Reached XP level 9. HP: 34/68 MP: 19/19
  7097 | D:8      | Reached XP level 8. HP: 34/63 MP: 18/18
  7097 | D:8      | Reached ** piety under Ru
  7097 | D:8      | Reached *** piety under Ru
  7675 | D:8      | Killed a queen bee
  7675 | D:8      | Reached skill level 5 in Short Blades
  7675 | D:8      | Reached skill level 5 in Long Blades
  7675 | D:8      | Reached skill level 5 in Axes
  7675 | D:8      | Reached skill level 5 in Maces & Flails
  7675 | D:8      | Reached skill level 5 in Polearms
  7675 | D:8      | Reached skill level 5 in Staves
  7675 | D:8      | Reached skill level 5 in Slings
  7675 | D:8      | Reached skill level 5 in Bows
  7675 | D:8      | Reached skill level 5 in Crossbows
  7675 | D:8      | Reached skill level 5 in Throwing
  7675 | D:8      | Reached skill level 5 in Armour
  7675 | D:8      | Reached skill level 5 in Stealth
  7675 | D:8      | Reached skill level 5 in Shields
  7675 | D:8      | Reached skill level 5 in Evocations
  7886 | D:8      | Reached XP level 9. HP: 69/69 MP: 15/19
  8276 | D:8      | Found a shadowy altar of Dithmenos.
  8423 | D:9      | Noticed a two-headed ogre
  8438 | D:9      | Killed a two-headed ogre
  8491 | D:9      | Found a staircase to the Orcish Mines.
  8661 | D:9      | Reached XP level 10. HP: 68/76 MP: 18/21
  8698 | D:9      | Found a sparkling altar of Nemelex Xobeh.
  8729 | D:9      | Found a hide-covered altar of Uskayaw.
  9026 | D:9      | Noticed a two-headed ogre
  9055 | D:9      | Killed a two-headed ogre
  9176 | D:9      | Gained mutation: You cannot study or cast Ice magic. [Ru sacrifice]
  9176 | D:9      | Gained mutation: You cannot study or cast Hexes magic. [Ru sacrifice]
  9176 | D:9      | Gained mutation: You cannot study or cast Conjurations magic. [Ru sacrifice]
  9176 | D:9      | Reached **** piety under Ru
  9307 | D:10     | Entered Level 10 of the Dungeon
  9513 | D:10     | Found a staircase to the Lair.
  9513 | D:10     | Noticed an elephant
  9514 | D:10     | Noticed a cyclops
  9541 | D:10     | Killed an elephant
  9541 | D:10     | Reached skill level 5 in Charms
  9541 | D:10     | Reached skill level 5 in Summonings
  9541 | D:10     | Reached skill level 5 in Necromancy
  9541 | D:10     | Reached skill level 5 in Translocations
  9541 | D:10     | Reached skill level 5 in Fire Magic
  9541 | D:10     | Reached skill level 5 in Air Magic
  9541 | D:10     | Reached skill level 5 in Earth Magic
  9541 | D:10     | Reached skill level 5 in Poison Magic
  9549 | D:10     | Killed a cyclops
  9925 | D:11     | Noticed a gargoyle
  9934 | D:11     | Killed a gargoyle
  9934 | D:11     | Reached XP level 11. HP: 66/83 MP: 19/23
 10291 | D:11     | Noticed Amnesiac's ghost (journeyman SpWz)
 10566 | D:10     | Gained mutation: You passively map a small area around you. [potion of mutation]
 10566 | D:10     | Gained mutation: You are robust. (+10% HP) [potion of mutation]
 10581 | D:11     | Killed Amnesiac's ghost
 10984 | D:11     | Noticed a cyclops
 10996 | D:11     | Killed a cyclops
 12068 | D:12     | Noticed a manticore
 12069 | D:12     | Noticed a two-headed ogre
 12102 | D:11     | Killed a manticore
 12261 | D:12     | Killed a two-headed ogre
 12488 | D:12     | Noticed a centaur warrior
 12502 | D:12     | Killed a centaur warrior
 13227 | Lair:1   | Entered Level 1 of the Lair of Beasts
 13276 | Lair:1   | Reached XP level 12. HP: 34/100 MP: 24/24
 13847 | Lair:1   | Noticed a four-headed hydra
 13862 | Lair:1   | HP: 5/101 [four-headed hydra (8)]
 13874 | Lair:1   | Killed a four-headed hydra
 14274 | Lair:1   | You fall through a shaft!
 14670 | Lair:1   | Reached skill level 10 in Unarmed Combat
 16042 | Lair:2   | Found a staircase to the Swamp.
 16207 | Lair:3   | Noticed a five-headed hydra
 16215 | Lair:3   | Killed a five-headed hydra
 16845 | Lair:3   | Noticed Galewind's ghost (journeyman DECj)
 17094 | Lair:3   | Killed Galewind's ghost
 17577 | Lair:3   | Learned a level 4 spell: Summon Lightning Spire
 17886 | Lair:3   | Found a hole to the Spider Nest.
 18399 | Lair:4   | Reached XP level 13. HP: 83/108 MP: 21/26
 19471 | Lair:5   | Found a labyrinth entrance.
 19480 | Lab      | Entered a labyrinth
 19989 | Lab      | Gained mutation: You are sensitive to extremes of temperature. (rF-, rC-) [Ru sacrifice]
 19989 | Lab      | Reached ***** piety under Ru
 19989 | Lab      | Reached ****** piety under Ru
 20733 | Lab      | Noticed a minotaur
 20751 | Lab      | Killed a minotaur
 20763 | Lab      | Got a translucent silver amulet
 20796 | Lab      | Got a faintly glowing platinum ring
 20815 | Lab      | Got a pitted ring mail
 20854 | Lair:5   | Identified the ring of Xeukonk {rF+ rC+ Str+9 Int-2 SInv} (You found it in a labyrinth)
 20855 | Lair:5   | Identified the amulet "Meeczaxt" {Faith Dex+3} (You found it in a labyrinth)
 20881 | Lair:5   | Identified the +5 ring mail "Denus" {MP+9} (You found it in a labyrinth)
 22044 | Lair:5   | Reached skill level 10 in Spellcasting
 22772 | Lair:6   | Entered Level 6 of the Lair of Beasts
 22846 | Lair:6   | Reached XP level 14. HP: 87/118 MP: 28/28
 22846 | Lair:6   | Reached skill level 10 in Dodging
 22889 | Lair:6   | Found a frozen archway.
 22942 | IceCv    | Entered an ice cave
 24332 | IceCv    | Got pitted ice dragon scales
 24343 | IceCv    | Identified the +3 ice dragon scales "Juent" {*Corrode rF- rC++ MR+ Str-5 Int+6} (You found it in an ice cave)
 24518 | Lair:6   | Noticed an azure jelly
 24520 | Lair:6   | Noticed an azure jelly
 24523 | Lair:6   | Killed an azure jelly
 24523 | Lair:6   | Reached skill level 10 in Invocations
 24526 | Lair:6   | Killed an azure jelly
 24870 | Lair:6   | Noticed an acid blob
 24877 | Lair:6   | Killed an acid blob
 25177 | Lair:6   | Found a staircase to the Slime Pits.
 26270 | D:13     | Reached skill level 10 in Fighting
 26301 | D:13     | Reached XP level 15. HP: 126/126 MP: 29/29
 27347 | D:13     | Noticed Sonja
 27353 | D:13     | Killed Sonja
 27605 | D:13     | Noticed Frances
 27619 | D:13     | Killed Frances
 27947 | D:14     | Noticed Roxanne
 27972 | D:14     | Killed Roxanne
 27973 | D:14     | Identified Roxanne's Handbook of Moulding (You took it off Roxanne on level 14 of the Dungeon)
 28005 | D:14     | Learned a level 6 spell: Statue Form
 28065 | D:14     | Found a gate to the Vaults.
 28066 | D:14     | Noticed Nessos
 28068 | D:14     | Reached skill level 10 in Short Blades
 28068 | D:14     | Reached skill level 10 in Long Blades
 28068 | D:14     | Reached skill level 10 in Axes
 28068 | D:14     | Reached skill level 10 in Maces & Flails
 28068 | D:14     | Reached skill level 10 in Polearms
 28068 | D:14     | Reached skill level 10 in Staves
 28068 | D:14     | Reached skill level 10 in Slings
 28068 | D:14     | Reached skill level 10 in Bows
 28068 | D:14     | Reached skill level 10 in Crossbows
 28068 | D:14     | Reached skill level 10 in Throwing
 28068 | D:14     | Reached skill level 10 in Armour
 28068 | D:14     | Reached skill level 10 in Stealth
 28068 | D:14     | Reached skill level 10 in Shields
 28068 | D:14     | Reached skill level 10 in Evocations
 28072 | D:14     | Killed Nessos
 28479 | D:14     | You fall through a shaft!
 28479 | D:15     | Entered Level 15 of the Dungeon
 29025 | D:15     | Found a deep blue altar of Sif Muna.
 29026 | D:15     | Found a white marble altar of Elyvilon.
 29029 | D:15     | Noticed Azrael
 29062 | D:15     | Killed Azrael
 29848 | D:15     | Found a shimmering altar of Xom.
 30002 | D:15     | Found a staircase to the Depths.
 30389 | D:15     | Reached XP level 16. HP: 65/136 MP: 31/31
 30743 | D:15     | Noticed a sphinx
 30759 | D:15     | Killed a sphinx
 30895 | D:15     | Noticed Josephine
 30974 | D:15     | Killed Josephine
 31138 | D:15     | Noticed a tengu reaver
 31151 | D:15     | Killed a tengu reaver
 32218 | D:15     | Identified the Disquisition on Summoning and Unholy Rituals
 32230 | D:15     | Learned a level 5 spell: Aura of Abjuration
 32236 | D:15     | Learned a level 5 spell: Lee's Rapid Deconstruction
 32244 | D:15     | Learned a level 6 spell: Death Channel
 32257 | D:15     | Got a polished long sword
 32258 | D:15     | Identified the +6 long sword "Bikhlup" {slice, Int+2} (You found it on level 15 of the Dungeon)
 32516 | Orc:1    | Entered Level 1 of the Orcish Mines
 32886 | Orc:2    | Entered Level 2 of the Orcish Mines
 32886 | Orc:2    | Found a staircase to the Elven Halls.
 33872 | Orc:2    | Reached skill level 10 in Transmutations
 33874 | Orc:2    | Found Eqoth's Book Boutique.
 33874 | Orc:2    | Found Baloigh's Gadget Shoppe.
 33913 | Orc:2    | Found Ymopoefu's Book Boutique.
 33913 | Orc:2    | Found Retiuplu's Jewellery Shoppe.
 33922 | Orc:2    | Bought the ring of Checkmate {rF++ rC+ Int+3 Dex-4} for 543 gold pieces
 33932 | Orc:2    | Bought the ring "Duerirgh" {rElec rPois Str-3 Dex+2 SInv} for 330 gold pieces
 34896 | Orc:1    | Found Ocvuhou's Gadget Shoppe.
 34977 | Orc:1    | Found a roughly hewn altar of Beogh.
 35298 | Swamp:1  | Entered Level 1 of the Swamp
 35830 | Swamp:1  | Noticed a thorn hunter
 35851 | Swamp:1  | Killed a thorn hunter
 36563 | Swamp:1  | Noticed Aizul
 36574 | Swamp:1  | Killed Aizul
 36672 | Swamp:2  | Reached XP level 17. HP: 99/144 MP: 26/33
 38327 | Swamp:3  | Noticed Jorgrun
 38343 | Swamp:3  | Killed Jorgrun
 39355 | Swamp:3  | Found a runed door.
 39720 | Swamp:3  | Identified a scroll of acquirement
 39725 | Swamp:3  | Got an ancient zirconium amulet
 39728 | Swamp:3  | Identified the amulet of Spite {rN+ Regen+ Str+2} (You acquired it on level 3 of the Swamp)
 39763 | Swamp:3  | Got a fine robe
 39774 | Swamp:3  | Identified the +2 robe of Zounauw {rElec rF- rCorr} (You found it on level 3 of the Swamp)
 39786 | Swamp:3  | Got a smoking great mace
 39787 | Swamp:3  | Identified the +2 great mace of Qiwuib {speed, rElec rPois rC+} (You found it on level 3 of the Swamp)
 39846 | Swamp:4  | Entered Level 4 of the Swamp
 40082 | Swamp:3  | HP: 6/146 [poisoned by something (poison gas)]
 40087 | Swamp:3  | HP: 5/146 [poisoned by something (poison gas)]
 40092 | Swamp:3  | HP: 5/146 [poisoned by something (poison gas)]
 40097 | Swamp:3  | HP: 5/146 [poisoned by something (poison gas)]
 40102 | Swamp:3  | HP: 7/146 [poisoned by something (poison gas)]
 41830 | Swamp:4  | Reached skill level 10 in Charms
 41830 | Swamp:4  | Reached skill level 10 in Summonings
 41830 | Swamp:4  | Reached skill level 10 in Necromancy
 41830 | Swamp:4  | Reached skill level 10 in Translocations
 41830 | Swamp:4  | Reached skill level 10 in Fire Magic
 41830 | Swamp:4  | Reached skill level 10 in Air Magic
 41830 | Swamp:4  | Reached skill level 10 in Earth Magic
 41830 | Swamp:4  | Reached skill level 10 in Poison Magic
 42032 | Swamp:4  | Noticed the 27-headed Lernaean hydra
 42032 | Swamp:4  | Killed the 27-headed Lernaean hydra
 42274 | Swamp:4  | Reached XP level 18. HP: 151/154 MP: 29/34
 42281 | Swamp:4  | Got a decaying rune of Zot
 42678 | Spider:1 | Entered Level 1 of the Spider Nest
 42973 | Spider:1 | Got a brightly glowing lajatang
 43028 | Spider:1 | Identified the +5 lajatang of the Spider {protect, Str+2} (You found it on level 1 of the Spider Nest)
 44410 | Spider:2 | Noticed Nikola
 44416 | Spider:2 | Killed Nikola
 44441 | Spider:2 | Noticed Arachne
 44472 | Spider:2 | Killed Arachne
 44687 | Spider:2 | Found a transporter.
 44688 | Spider:2 | Found the +5 pair of quick blades "Gyre" and "Gimble" {pierce, Dex-3}
 44724 | Spider:2 | Found a transporter.
 45107 | Spider:2 | Noticed Louise
 45121 | Spider:2 | Killed Louise
 45319 | Spider:2 | Lost mutation: You are robust. (+10% HP) [the power of Zot]
 45349 | Spider:2 | HP: 3/141 [emperor scorpion[the power of Zot] (15)]
 45349 | Spider:2 | Mangled by an emperor scorpion

Vault maps used:
D:1:      dpeg_arrival_pits, serial_glass, glass_columns_a, glass_columns_a,
          due_unseen_surprise, minmay_strange_pillars, item_on_display_a
D:2:      first_ration, uniq_natasha
D:3:      amethyst_overflow_temple_binary
D:4:      temple_fountains
D:5:      okawaru_ov_weapons_minmay, serial_shops, kennysheep_little_box,
          doesnt_xom_only_xom, uniq_blork_the_orc
D:6:      gammafunk_temple_overflow_elements
D:7:      gammafunk_temple_overflow_pools, serial_shops, nicolae_shop_waterfront
D:8:      basic_altar, david_nohive_1, uniq_grum
D:9:      kennysheep_mini, nemelex_xobeh_ov_fountains_minmay, david_orc_2
D:10:     david_lair_generic
D:13:     uniq_frances, uniq_sonja
D:14:     david_vaults_3, minmay_misc_feat_cross, minivault_16, uniq_roxanne
D:15:     hangedman_slaughterboxes, uniq_josephine, uniq_azrael
Temple:   nicolae_temple_god_jail
Lair:1:   st_stairs_5
Lair:2:   nicolae_swamp_entry_splash_gauntlet
Lair:3:   spider_nest_entry_rubble
Lair:4:   grunt_forest_stairs_clearing, grunt_megastairs_1,
          minmay_lair_oklob_chamber
Lair:5:   beast_lair_carwin_large_4, lab_entry_generic, wad_woods_03,
          grunt_megastairs_4, serial_bayou_shore_b
Lair:6:   grunt_lair_end_beastmaster, minmay_slime_entry_pillars,
          portal_ice_cave_entry_ice_beasts, special_room, lemuel_another_geyser
Swamp:1:  infiniplex_staircase_pool, uniq_aizul
Swamp:2:  serial_swamp_ruin, evilmike_swamp_ruin_house_4,
          evilmike_swamp_ruin_house_3, hangedman_swamp_ruin_hall
Swamp:3:  gammafunk_mikee_crab_dinner, evilmike_swamp_ruin_house_2, uniq_jorgrun
Swamp:4:  swamp_basic_johnstein, swamp_pool1
Spider:1: hangedman_spider_trapstep
Spider:2: gammafunk_its_a_trap, uniq_louise, uniq_arachne, uniq_nikola
Orc:1:    serial_shops, shop_fountains, basic_altar
Orc:2:    grunt_orc_tribal_feast, nicolae_orc_lava_tube, mines2_lemuel
IceCv:    ice_cave_statue_garden_chambered

Skill      XL: |  1  2  3  4  5  6  7  8  9 10 11 12 13 14 15 16 17 18 |
---------------+-------------------------------------------------------+-----
Spellcasting   | 5 6 8 9 10 11 12 | 12.9
Invocations    | 1 2 3 4 6 7 8 9 10 11 12 13 | 13.0
Short Blades   | 1 2 5 4 6 7 8 9 10 11 12 | 12.1
Long Blades    | 1 2 5 4 6 7 8 9 10 11 12 | 12.1
Axes           | 1 2 5 4 6 7 8 9 10 11 12 | 12.1
Maces & Flails | 1 2 5 4 6 7 8 9 10 11 12 | 12.1
Polearms       | 1 2 5 4 6 7 8 9 10 11 12 | 12.1
Staves         | 1 2 5 4 6 7 8 9 10 11 12 | 12.1
Slings         | 1 2 5 4 6 7 8 9 10 11 12 | 12.1
Bows           | 1 2 5 4 6 7 8 9 10 11 12 | 12.1
Crossbows      | 1 2 5 4 6 7 8 9 10 11 12 | 12.1
Throwing       | 1 2 5 4 6 7 8 9 10 11 12 | 12.1
Armour         | 1 2 5 4 6 7 8 9 10 11 12 | 12.1
Stealth        | 1 2 5 4 6 7 8 9 10 11 12 | 12.1
Shields        | 1 2 5 4 6 7 8 9 10 11 12 | 12.1
Evocations     | 1 2 5 4 6 7 8 9 10 11 12 | 12.1
Conjurations   | 1 2 3 0 |  0.0
Hexes          | 1 2 3 0 |  0.0
Charms         | 1 2 3 5 6 7 8 9 10 | 10.3
Summonings     | 1 2 3 5 6 7 8 9 10 | 10.3
Necromancy     | 1 2 3 5 6 7 8 9 10 | 10.3
Translocations | 1 2 3 5 6 7 8 9 10 | 10.3
Fire Magic     | 1 2 3 5 6 7 8 9 10 | 10.3
Ice Magic      | 1 2 3 0 |  0.0
Air Magic      | 1 2 3 5 6 7 8 9 10 | 10.3
Earth Magic    | 1 2 3 5 6 7 8 9 10 | 10.3
Poison Magic   | 1 2 3 5 6 7 8 9 10 | 10.3
Fighting       | 3 4 6 7 8 9 10 11 12 | 12.3
Transmutations | 4 6 7 8 9 10 11 | 11.0
Dodging        | 5 7 8 9 10 11 12 | 12.8
Unarmed Combat | 7 8 9 10 11 12 13 | 13.4

Action                   |  1- 3 |  4- 6 |  7- 9 | 10-12 | 13-15 | 16-18 || total
-------------------------+-------+-------+-------+-------+-------+-------++-------
Melee: Unarmed           |    84 |   126 |   407 |   705 |   838 |   768 ||  2928
       Headbutt          |    10 |     1 |       |       |       |       ||    11
       Bite              |     4 |     1 |     2 |     1 |    82 |   173 ||   263
       Punch             |     1 |     1 |       |       |    33 |    52 ||    87
       Kick              |     8 |     5 |       |       |       |       ||    13
       Staff             |       |       |       |       |    36 |     7 ||    43
       Triple sword      |       |       |       |       |       |    77 ||    77
       Great mace        |       |       |       |       |       |   335 ||   335
 Cast: Beastly Appendage |    16 |     7 |       |       |       |       ||    23
       Spider Form       |       |    20 |    63 |    81 |    35 |    25 ||   224
       Sticks to Snakes  |       |     3 |    16 |    17 |    47 |    56 ||   139
       Blink             |       |       |     8 |     3 |     2 |     9 ||    22
       Summon Lightning  |       |       |       |     2 |     6 |    35 ||    43
       Blade Hands       |       |       |       |     1 |    64 |    85 ||   150
Invok: Sacrifice Essence |       |       |     1 |       |       |       ||     1
       Sacrifice Experie |       |       |     1 |       |       |       ||     1
       Sacrifice Arcana  |       |       |       |     1 |       |       ||     1
       Draw Out Power    |       |       |       |     4 |     2 |     2 ||     8
       Power Leap        |       |       |       |     3 |     1 |       ||     4
       Reject Sacrifices |       |       |       |     1 |       |       ||     1
       Sacrifice Resista |       |       |       |       |     1 |       ||     1
       Apocalypse        |       |       |       |       |     6 |     4 ||    10
 Abil: End Transformatio |       |       |       |       |       |     1 ||     1
Evoke: Wand              |       |       |     3 |    10 |     1 |    18 ||    32
       Phantom mirror    |       |       |       |       |       |     1 ||     1
  Use: Scroll            |       |       |     9 |     9 |     6 |     9 ||    33
       Potion            |       |       |     4 |     6 |     6 |     6 ||    22
 Stab: Sleeping          |       |     5 |    10 |    12 |    11 |     9 ||    47
       Invisible         |       |       |     1 |     9 |    10 |    28 ||    48
       Distracted        |       |       |       |     4 |    11 |    22 ||    37
       Petrifying        |       |       |       |       |     1 |       ||     1
       Paralysed         |       |       |       |       |    13 |    17 ||    30
       Petrified         |       |       |       |       |     5 |       ||     5
  Eat: Chunk             |     1 |     7 |    17 |    23 |    25 |    37 ||   110
       Ration            |       |       |     1 |     3 |     9 |     9 ||    22
Armor: Robe              |    15 |     3 |     3 |       |       |    81 ||   102
       Skin              |       |       |    14 |    19 |     2 |     1 ||    36
       Steam dragon scal |       |       |       |     1 |    73 |    45 ||   119
       Swamp dragon scal |       |       |       |       |       |   153 ||   153
Dodge: Dodged            |    76 |    99 |   441 |   813 |   639 |  1473 ||  3541
Block: Other             |       |       |       |       |    90 |    89 ||   179
       Reflection        |       |       |       |       |     3 |       ||     3
       Rpst.: Triple sword |       |       |       |       |       |    30 ||    30

Table legend:
 A = Spawn XP
 B = Non-spawn XP
 C = Spawn XP percentage of total XP
 D = Spawn monster count
 E = Non-spawn monster count
 F = Spawn count percentage of total count
 G = Total turns spent on level
                    A         B        C        D         E        F      G
               +---------+---------+-------+---------+---------+-------+---------
         Total |       0 |  288138 |   0.0 |       0 |    1125 |   0.0 | 45349
               +---------+---------+-------+---------+---------+-------+---------
           D:1 |       0 |      55 |   0.0 |       0 |      26 |   0.0 |   959
           D:2 |       0 |     149 |   0.0 |       0 |      27 |   0.0 |  1194
           D:3 |       0 |     380 |   0.0 |       0 |      38 |   0.0 |   847
           D:4 |       0 |     421 |   0.0 |       0 |      17 |   0.0 |   535
           D:5 |       0 |     761 |   0.0 |       0 |      17 |   0.0 |  1095
           D:6 |       0 |     307 |   0.0 |       0 |      15 |   0.0 |   470
           D:7 |       0 |    1071 |   0.0 |       0 |      21 |   0.0 |  1447
           D:8 |       0 |    3440 |   0.0 |       0 |      42 |   0.0 |  1682
           D:9 |       0 |    3426 |   0.0 |       0 |      45 |   0.0 |  1033
          D:10 |       0 |    2841 |   0.0 |       0 |      19 |   0.0 |  1223
          D:11 |       0 |    4795 |   0.0 |       0 |      30 |   0.0 |  2006
          D:12 |       0 |    3416 |   0.0 |       0 |      21 |   0.0 |  1068
          D:13 |       0 |   12326 |   0.0 |       0 |      59 |   0.0 |  1574
          D:14 |       0 |   13953 |   0.0 |       0 |      41 |   0.0 |  1296
          D:15 |       0 |   43826 |   0.0 |       0 |      98 |   0.0 |  3372
        Lair:1 |       0 |    6712 |   0.0 |       0 |      29 |   0.0 |  1430
        Lair:2 |       0 |    3138 |   0.0 |       0 |      17 |   0.0 |  1572
        Lair:3 |       0 |    3136 |   0.0 |       0 |      14 |   0.0 |  1884
        Lair:4 |       0 |    7488 |   0.0 |       0 |      30 |   0.0 |  1339
        Lair:5 |       0 |   14934 |   0.0 |       0 |      51 |   0.0 |  1954
        Lair:6 |       0 |   29582 |   0.0 |       0 |     100 |   0.0 |  1799
       Swamp:1 |       0 |   12807 |   0.0 |       0 |      23 |   0.0 |  1361
       Swamp:2 |       0 |    9371 |   0.0 |       0 |      30 |   0.0 |  1282
       Swamp:3 |       0 |   27625 |   0.0 |       0 |      52 |   0.0 |  3343
       Swamp:4 |       0 |   27248 |   0.0 |       0 |      54 |   0.0 |  1324
      Spider:1 |       0 |   15380 |   0.0 |       0 |      53 |   0.0 |  1659
      Spider:2 |       0 |   24759 |   0.0 |       0 |      43 |   0.0 |  1012
         Orc:1 |       0 |    1511 |   0.0 |       0 |      22 |   0.0 |   644
         Orc:2 |       0 |    9920 |   0.0 |       0 |      79 |   0.0 |  2041
           Lab |       0 |     721 |   0.0 |       0 |       1 |   0.0 |  1371
         IceCv |       0 |    2639 |   0.0 |       0 |      11 |   0.0 |  1454
               +---------+---------+-------+---------+---------+-------+---------
